 Dungeon Crawl Stone Soup version 0.30.1-11-g7821555f0a (webtiles) character file.

Game seed: 4337856164550014764

1228 Chiseanne the Trooper (level 8, -4/63 HPs)
             Began as a Demonspawn Wanderer on Nov 24, 2023.
             Was an Initiate of Gozag.
             Slain by Maggie
             ... wielding a +1 glaive of flaming
              (14 damage)
             ... on level 6 of the Dungeon.
             The game lasted 00:16:32 (5787 turns).

Chiseanne the Trooper (Demonspawn Wanderer)         Turns: 5787, Time: 00:16:32

Health: -4/63      AC: 11    Str: 12    XL:     8   Next: 23%
Magic:  9/9        EV: 14    Int: 11    God:    Gozag
Gold:   481        SH:  0    Dex: 18    Spells: 9/9 levels left

rFire   . . .        a - +3 hand axe
rCold   . . .        (no shield)
rNeg    . . .        v - +3 leather armour {rPois}
rPois   +            i - +0 helmet
rElec   .            (no cloak)
rCorr   .            b - +1 pair of gloves
SInv    .            (no boots)
Will    .....        (no amulet)
Stlth   +            (no ring)
HPRegen 0.30/turn    (no ring)
MPRegen 0.11/turn

%: no passive effects
@: silenced, gold aura
A: powered by death 2, spiny 1, sharp scales 1
a: Renounce Religion


You were on level 6 of the Dungeon.
You worshipped Gozag.
Gozag was aware of your devotion.
You visited 2 branches of the dungeon, and saw 8 of its levels.

You collected 534 gold pieces.
You paid 53 gold pieces to Gozag.

Inventory:

Hand Weapons
 a - a +3 hand axe (weapon)
 m - a +2 short sword
 u - a +1 heavy falchion
Missiles
 f - 53 stones
 n - 2 atropa-tipped darts
 q - 21 poisoned darts (quivered)
 x - a throwing net
Armour
 b - a +1 pair of gloves (worn)
 i - a +0 helmet (worn)
 v - a +3 leather armour of poison resistance (worn)
Wands
 d - a wand of quicksilver (9)
 l - a wand of paralysis (9)
Scrolls
 k - 3 scrolls of teleportation
 w - a scroll of enchant armour
Potions
 c - 2 potions of attraction
 g - 2 potions of curing
 h - a potion of resistance {unknown}
 j - a potion of ambrosia {unknown}
 o - a potion of degeneration {unknown}
 p - a potion of magic
 r - a potion of brilliance {unknown}
 s - 2 potions of heal wounds {unknown}
 t - 2 potions of flight {unknown}


   Skills:
 * Level 5.6 Fighting
 - Level 2.6 Short Blades
 * Level 4.8 Armour
 * Level 5.1 Dodging
 - Level 1.7 Stealth
 - Level 1.0 Spellcasting
 - Level 3.6 Ice Magic


You had 9 spell levels left.
You didn't know any spells.
Your spell library contained the following spells:

 Spells                   Type           Power      Damage    Failure   Level
 Freeze                   Ice            32%        1d5       10%         1
 Ozocubu's Armour         Ice            8%         N/A       28%         3
 Ensorcelled Hibernation  Hex/Ice        8%         N/A       30%         2
 Passwall                 Tmut/Erth      0%         N/A       52%         2
 Call Canine Familiar     Summ           0%         N/A       77%         3
 Inner Flame              Hex/Fire       0%         N/A       77%         3
 Portal Projectile        Hex/Tloc       0%         N/A       77%         3
 Swiftness                Air            0%         N/A       77%         3
 Leda's Liquefaction      Hex/Erth       0%         N/A       99%         4
 Yara's Violent Unravell  Hex/Tmut       0%         3d3       100%        5
 Enfeeble                 Hex            0%         N/A       100%        7


Dungeon Overview and Level Annotations

Branches:
Dungeon (7/15)             Temple (1/1) D:4

Altars:
Cheibriados
Dithmenos
Fedhas
Gozag
Kikubaaqudgha
Nemelex Xobeh
Okawaru
Qazlal
Ru
Sif Muna
Uskayaw
Wu Jian
Xom

Annotations:
D:6 Maggie, Sigmund


Innate Abilities, Weirdness & Mutations

You regenerate health from kills.
You are partially covered in sharp spines.
You are partially covered in razor-sharp scales. (AC +1, Slay +1)


Message History

You closely miss Maggie.
Maggie is moderately wounded.
You hit the scorpion. The scorpion is struck by your spines.
You kill the scorpion!
Maggie is struck by your spines. Maggie misses you.
You hit Maggie but do no damage.
Maggie is moderately wounded.
Maggie is struck by your spines. Maggie closely misses you.
Maggie is struck by your spines.
Maggie hits you with a +1 glaive of flaming.
Maggie burns you.
You hit Maggie but do no damage.
Maggie is heavily wounded.
Maggie barely misses you.
You hit Maggie.
Maggie is heavily wounded.
Maggie completely misses you.
You hit Maggie.
Maggie is severely wounded.
Maggie is struck by your spines.
Maggie hits you with a +1 glaive of flaming!
Maggie burns you. Maggie closely misses you.
You hit Maggie but do no damage.
Maggie is severely wounded.
Maggie hits you with a +1 glaive of flaming!
* * * LOW HITPOINT WARNING * * *
Maggie burns you.
* * * LOW HITPOINT WARNING * * *
You completely miss Maggie.
Maggie is severely wounded.
Maggie misses you.
You barely miss Maggie.
Maggie is severely wounded.
Maggie is struck by your spines. Maggie misses you.
Maggie is distracted by your dazzling golden aura.
You hit Maggie.
Maggie is no longer distracted by gold.
Maggie is almost dead.
Maggie hits you with a +1 glaive of flaming!
You die...
Your body crumbles into a pile of gold.

#..# #...# #.# #.# #..#
#...# #.# #.# .#..#
#...# #.# #.# '..#
#...# #.# #.#
#..###...####.# #.#
#.............#######.#
#.....................#
#...########.....O.....
#....$@@F....##########
#..#..########.)).....#
#..#..########.######.#
#..#.........#)...)#...
#..#.....###.#####)#..#
#.......#.# #.#..#
###.###.#.# #)#..#
#.......# #)#...
#######..# #)#...


You could see Maggie and a bullfrog.

Vanquished Creatures
  Menkaure (D:6)
  A sky beast (D:5)
  Duvessa (D:5)
  An ogre (D:4)
  A kobold brigand (D:6)
  A gnoll sergeant (D:6)
  2 scorpions
  Dowan (D:5)
  A howler monkey (D:6)
  2 hounds (D:5)
  A jelly (D:6)
  An orc priest (D:7)
  A sleepcap (D:5)
  Jessica (D:2)
  5 iguanas
  An orc wizard (D:5)
  4 gnolls (D:6)
  4 adders
  An ufetubus (D:5)
  A worm (D:5)
  3 dart slugs
  10 orcs
  3 endoplasms
  3 giant cockroaches
  7 hobgoblins
  2 jackals (D:1)
  2 quokkas
  5 ball pythons
  4 bats
  3 frilled lizards
  5 goblins
  13 kobolds
  5 rats
97 creatures vanquished.

Notes
Turn   | Place    | Note
-------+----------+-------------------------------------------
     0 | D:1      | Chiseanne the Demonspawn Wanderer began the quest for the
                  | Orb.
     0 | D:1      | Chiseanne set off with the following items: a +2 short
                  | sword, a +0 pair of gloves, a potion of attraction, a +0
                  | robe; and the following spell memorised: Freeze; and the
                  | following spells available to memorise: Ozocubu's Armour.
     0 | D:1      | Reached XP level 1. HP: 13/13 MP: 2/2
    94 | D:1      | Reached skill level 1 in Fighting
   100 | D:1      | Reached skill level 1 in Dodging
   100 | D:1      | Gained mutation: You regenerate a little health from kills.
                  | [demonic ancestry]
   100 | D:1      | Reached XP level 2. HP: 14/21 MP: 3/3
   719 | D:2      | Gained mutation: You are partially covered in razor-sharp
                  | scales. (AC +1, Slay +1) [demonic ancestry]
   719 | D:2      | Reached XP level 3. HP: 27/27 MP: 4/4
  1058 | D:2      | Noticed Jessica
  1061 | D:2      | Killed Jessica
  1062 | D:2      | Reached skill level 1 in Armour
  1062 | D:2      | Reached XP level 4. HP: 33/33 MP: 5/5
  1621 | D:3      | Noticed a +0 short sword
  1621 | D:3      | Noticed a +0 dagger
  1621 | D:3      | Noticed a +0 spear
  1621 | D:3      | Noticed a +0 short sword
  1622 | D:3      | Noticed a +0 falchion
  1622 | D:3      | Noticed a +0 dagger
  1623 | D:3      | Noticed a +0 falchion
  1624 | D:3      | Noticed a +0 spear
  1631 | D:3      | Found a hide-covered altar of Uskayaw.
  2095 | D:4      | Noticed an ogre
  2314 | D:4      | Gained mutation: You are partially covered in sharp spines.
                  | [demonic ancestry]
  2314 | D:4      | Reached XP level 5. HP: 12/40 MP: 6/6
  2527 | D:4      | Killed an ogre
  2771 | D:4      | Found a staircase to the Ecumenical Temple.
  2780 | Temple   | Entered the Ecumenical Temple
  2971 | Temple   | Became a worshipper of Gozag Ym Sagoz the Greedy
  3125 | D:5      | Entered Level 5 of the Dungeon
  3139 | D:5      | Gained mutation: You regenerate health from kills. [demonic
                  | ancestry]
  3139 | D:5      | Reached XP level 6. HP: 47/47 MP: 7/7
  3396 | D:5      | Noticed Dowan
  3413 | D:5      | Noticed a sky beast
  3438 | D:5      | Killed a sky beast
  3478 | D:5      | Reached XP level 7. HP: 46/54 MP: 8/8
  3663 | D:5      | Found a blossoming altar of Fedhas.
  3664 | D:5      | Found a shadowy altar of Dithmenos.
  3845 | D:5      | Noticed Duvessa
  3866 | D:5      | Killed Duvessa
  4045 | D:5      | Chiseanne: and because you are idiots and prgramed this
                  | anti-player-biased-bullshit I do not teleport but do just a
                  | little hop ..FUCK YOU
  4200 | D:5      | Killed Dowan
  4257 | D:6      | Chiseanne: at least the leather smells like elfgall
  4282 | D:6      | Noticed Sigmund
  4390 | D:6      | Noticed Menkaure
  4855 | D:6      | Killed Menkaure
  4856 | D:6      | Reached skill level 5 in Fighting
  5207 | D:6      | Noticed Maggie
  5326 | D:7      | Chiseanne: yeah right..IDIOTS..nothing else to add...
  5522 | D:6      | Reached XP level 8. HP: 62/62 MP: 9/9
  5607 | D:6      | Reached skill level 5 in Dodging
  5787 | D:6      | Slain by Maggie

Illustrated notes

Levels and vault maps discovered:
D:1:      dpeg_arrival_stonehenge_12_columns, layout_basic,
          nicolae_grassy_gnolls
D:2:      layout_loops_corners, hangedman_decor_push, uniq_jessica
D:3:      layout_loops_cross, nicolae_uskayaw_en_pointe
D:4:      layout_loops_ring, minmay_temple_entry_enclosed_plants,
          enter_ossuary_5
D:5:      layout_loops_ring, nicolae_overflow_hidden_temple, uniq_duvessa
D:6:      layout_basic, bloody_makhleb, uniq_crazy_yiuf_cottage, uniq_menkaure,
          uniq_sigmund, uniq_maggie
D:7:      layout_basic, tso_metal_star
Temple:   nicolae_temple_bog_church

Skill      XL: |  1  2  3  4  5  6  7  8 |
---------------+-------------------------+-----
Fighting       | 1 2 3 4 5 |  5.6
Dodging        | 1 2 3 4 5 |  5.1
Armour         | 1 2 3 4 |  4.8
Short Blades   | |  2.6
Stealth        | |  1.7
Spellcasting   | |  1.0
Ice Magic      | |  3.6

Action                     |  1- 3 |  4- 6 |  7- 9 || total
---------------------------+-------+-------+-------++-------
  Melee: Short sword       |   109 |   116 |    81 ||   306
         Punch             |       |     3 |     1 ||     4
         Hand axe          |       |       |    55 ||    55
  Throw: Stone             |     3 |       |     2 ||     5
         Dart              |     1 |     4 |    11 ||    16
  Evoke: Wand              |     1 |     3 |       ||     4
    Use: Scroll            |    11 |     4 |     5 ||    20
         Potion            |       |       |     4 ||     4
   Stab: Sleeping          |     1 |       |       ||     1
         Distracted        |       |     1 |       ||     1
 Armour: Robe              |    16 |       |       ||    16
         Ring mail         |    20 |    45 |     9 ||    74
         Leather armour    |       |       |    32 ||    32
  Dodge: Dodged            |    75 |    47 |    77 ||   199
